 Dungeon Crawl Stone Soup version 0.22.1-1-ga44c0e5 (webtiles) character file.

555 Irenicus the Cleaver (level 7, -3/61 HPs)
             Began as a Deep Dwarf Monk on Oct 10, 2018.
             Slain by an iguana (6 damage)
             ... on level 5 of the Dungeon.
             The game lasted 00:10:05 (1564 turns).

Irenicus the Cleaver (Deep Dwarf Monk)              Turns: 1564, Time: 00:10:05

Health: -3/61      AC:  5    Str: 12 (14) XL:     7   Next: 8%
Magic:  5/5        EV: 13    Int:  8 (11) God:
Gold:   220        SH:  0    Dex: 16 (17) Spells: 6/6 levels left

rFire    + . .     SeeInvis .   a - +0 hand axe
rCold    . . .     Gourm    .   (no shield)
rNeg     . . .     Faith    .   d - +0 leather armour
rPois    .         Spirit   .   (no helmet)
rElec    .         Reflect  .   n - +0 cloak
rCorr    .         Harm     .   o - +0 pair of gloves
MR       +....                  (no boots)
Stlth    ++........             (no amulet)
HPRegen  0.00/turn              k - ring of wizardry {Wiz+, !d}
MPRegen  0.09/turn              (no ring)

@: non-regenerating
A: damage resistance, heal wounds, fire resistance 1, sense surroundings 1,
screaming 1, no regeneration
a: Heal Wounds


You were on level 5 of the Dungeon.
You were not hungry.

You visited 1 branch of the dungeon, and saw 5 of its levels.

You collected 220 gold pieces.

Inventory:

Hand Weapons
 a - a +0 hand axe (weapon)
Missiles
 e - 3 javelins (quivered)
Armour
 d - a +0 leather armour (worn)
   (You found it on level 1 of the Dungeon)
 n - a +0 cloak (worn)
   (You took it off Crazy Yiuf on level 3 of the Dungeon)
 o - a +0 pair of gloves (worn)
   (You found it on level 3 of the Dungeon)
 p - a scarf of repulsion
   (You found it on level 4 of the Dungeon)
Jewellery
 k - a ring of wizardry (left hand) {Wiz+, !d}
   (You found it on level 4 of the Dungeon)
Wands
 g - a wand of polymorph (12)
   (You took it off Ijyb on level 4 of the Dungeon)
 q - a wand of flame (39)
   (You took it off a hobgoblin on level 4 of the Dungeon)
Scrolls
 b - a scroll of fear {unknown}
 f - a scroll of teleportation {unknown}
 i - a scroll of enchant armour {unknown}
 j - 2 scrolls of identify {unknown}
 m - a scroll of enchant weapon {unknown}
Potions
 h - 3 potions of degeneration {!q}
 l - 3 potions of might
Comestibles
 c - 4 rations
 r - 3 chunks of flesh {@w0}


   Skills:
 - Level 2.6 Fighting
 + Level 9.0 Axes
 - Level 3.2 Dodging
 - Level 2.4 Stealth


You had 6 spell levels left.
You didn't know any spells.
Your spell library was empty.

Dungeon Overview and Level Annotations

Branches:
Dungeon (5/15)             Temple (0/1) D:5

Altars:
Trog
Vehumet


Innate Abilities, Weirdness & Mutations

You are resistant to damage.
You can heal yourself by infusing magical energy.
You passively map a small area around you.
You do not regenerate.
Your flesh is heat resistant. (rF+)
You occasionally shout uncontrollably at your foes.


Message History

You barely miss the ogre. You hit the ogre. The ogre misses you.
You hit the ogre. You hit the ogre. The ogre misses you.
You hit the ogre.
You are feeling hungry.
The ogre hits you with a giant spiked club!
You take 12 damage, and have 25/55 hp.
MASSIVE DAMAGE!!
You barely miss the ogre. You hit the ogre. The ogre closely misses you.
You hit the ogre. The ogre barely misses you.
You hit the ogre. You hit the ogre. The ogre closely misses you.
You hit the ogre.
You kill the ogre!
Things that are here:
a giant spiked club; an ogre corpse You butcher the ogre corpse.
Things that are here:
a giant spiked club; 5 chunks of flesh {@w0}; an ogre skeleton Eating one of 5 chunks of flesh {@w0}.
You eat one of the 5 chunks of flesh {@w0}.
You are no longer poisoned.
You see here a blackened diamond ring.
k - a blackened diamond ring Put on which piece of jewellery? (? for menu, Esc to quit)
k - a ring of wizardry (left hand)
Things that are here:
a giant spiked club; 4 chunks of flesh {@w0}; an ogre skeleton
There is a stone staircase leading down here.
You climb downwards.
A hound comes into view.
There is a stone staircase leading up here.
The helpless hound fails to defend itself.
You hit the hound. The hound bites you.
You take 4 damage, and have 21/55 hp.
You closely miss the hound. The hound misses you.
You hit the hound but do no damage. The hound closely misses you.
The hound bites you.
You hit the hound. The hound barely misses you.
You hit the hound. The hound barely misses you.
You hit the hound but do no damage. The hound closely misses you.
You hit the hound.
The hound bites you but does no damage. x2
You closely miss the hound. The hound closely misses you.
You hit the hound. The hound closely misses you.
You hit the hound.
You kill the hound!
You feel your strength returning.
You have reached level 7!
You regained 2 hp, and now have 23/61 hp.
MP restored: 5 A centaur zombie comes into view.
You see here a hound corpse.
You butcher the hound corpse.
Things that are here:
3 chunks of flesh {@w0}; a hound skeleton
r - 3 chunks of flesh {@w0} You hit the centaur zombie.
The centaur zombie barely misses you.
You slash the centaur zombie! The centaur zombie hits you.
You take 1 damage, and have 22/61 hp.
You hit the centaur zombie. The centaur zombie misses you.
You hit the centaur zombie.
The centaur zombie hits you but does no damage.
The centaur zombie misses you.
You hit the centaur zombie. The centaur zombie barely misses you.
You hit the centaur zombie. The centaur zombie barely misses you.
You hit the centaur zombie.
You destroy the centaur zombie!
Your Axes skill increases to level 9!
You see here a crooked jewelled staff.
s - a crooked jewelled staff You see here a hunting sling.
An iguana comes into view.
Wield which item (- for none, * to show all)? (? for menu, Esc to quit)
s - an uncursed staff of summoning (weapon)
Wield which item (- for none, * to show all)? (? for menu, Esc to quit)
a - a +0 hand axe (weapon)
You drop an uncursed staff of summoning {!a}.
The iguana hisses angrily.
The iguana bites you.
* * * LOW HITPOINT WARNING * * *
You take 5 damage, and have 17/61 hp.
You hit the iguana but do no damage. The iguana bites you.
* * * LOW HITPOINT WARNING * * *
You take 3 damage, and have 14/61 hp.
You hit the iguana but do no damage. The iguana bites you.
You hit the iguana but do no damage. The iguana completely misses you.
You hit the iguana. The iguana closely misses you.
You barely miss the iguana. You hit the iguana. The iguana misses you.
You hit the iguana but do no damage. The iguana bites you.
* * * LOW HITPOINT WARNING * * *
You take 4 damage, and have 10/61 hp.
You barely miss the iguana. The iguana closely misses you.
You hit the iguana. The iguana bites you!
* * * LOW HITPOINT WARNING * * *
You take 7 damage, and have 3/61 hp.
You closely miss the iguana. The iguana closely misses you.
You hit the iguana but do no damage. The iguana bites you!
You die...

, , ..... , #.#.# * *
#.#.# , ,..... > ,
,#.#.# , * ,
.######.#.#####.
........#.......
##.####.....###########
*
,...........|...@l.....?
,
**#.####)....###########
#..............* ,
#.####.....###.* #.....#
#.....# *, ,* #####.## ,
#..#* * *,* #..# ,*


You could see an iguana.

Vanquished Creatures
  An ogre (D:4)
  A scorpion (D:4)
  A howler monkey (D:4)
  A centaur zombie (D:5)
  2 hounds
  Crazy Yiuf (D:3)
  An orc priest (D:3)
  Ijyb (D:4)
  A worker ant (D:4)
  2 iguanas (D:4)
  4 adders
  A worm (D:3)
  4 dart slugs
  3 leopard geckos
  6 orcs (D:3)
  3 giant cockroaches
  5 goblins
  8 hobgoblins
  8 jackals (D:1)
  10 kobolds
  2 quokkas
  2 ball pythons
  9 bats
  3 frilled lizards
  6 rats
86 creatures vanquished.

Notes
Turn   | Place    | Note
-------+----------+-------------------------------------------
     0 | D:1      | Irenicus the Deep Dwarf Monk began the quest for the Orb.
     0 | D:1      | Reached XP level 1. HP: 20/20 MP: 1/1
    82 | D:1      | Reached XP level 2. HP: 18/27 MP: 2/2
   133 | D:1      | Reached skill level 4 in Axes
   342 | D:1      | Reached XP level 3. HP: 18/33 MP: 3/3
   620 | D:2      | Reached skill level 5 in Axes
   650 | D:2      | HP: 7/33 [goblin/club (3)]
   716 | D:2      | HP: 4/33 [hobgoblin/club (3)]
   891 | D:2      | You fall through a shaft!
   922 | D:3      | Reached XP level 4. HP: 26/40 MP: 4/4
   963 | D:3      | HP: 10/40 [goblin (1)]
  1081 | D:3      | Reached skill level 6 in Axes
  1166 | D:3      | Found a runed door.
  1171 | D:3      | Noticed Crazy Yiuf
  1181 | D:3      | Killed Crazy Yiuf
  1181 | D:3      | Reached XP level 5. HP: 30/46 MP: 4/4
  1301 | D:4      | Noticed Ijyb
  1332 | D:4      | Killed Ijyb
  1344 | D:4      | Reached skill level 7 in Axes
  1383 | D:4      | Reached XP level 6. HP: 33/55 MP: 5/5
  1400 | D:4      | Reached skill level 8 in Axes
  1414 | D:4      | Found a bloodstained altar of Trog.
  1431 | D:4      | Found a radiant altar of Vehumet.
  1479 | D:4      | Gained mutation: You occasionally shout uncontrollably at
                  | your foes. [potion of mutation]
  1479 | D:4      | Gained mutation: Your flesh is heat resistant. (rF+)
                  | [potion of mutation]
  1508 | D:5      | Entered Level 5 of the Dungeon
  1518 | D:5      | Reached XP level 7. HP: 23/61 MP: 5/5
  1529 | D:5      | Reached skill level 9 in Axes
  1554 | D:5      | HP: 14/61 [iguana (3)]
  1560 | D:5      | HP: 10/61 [iguana (4)]
  1562 | D:5      | HP: 3/61 [iguana (7)]
  1564 | D:5      | Slain by an iguana

Skill      XL: |  1  2  3  4  5  6  7 |
---------------+----------------------+-----
Axes           | 4 5 6 7 8 9 |  9.0
Fighting       | |  2.6
Dodging        | |  3.2
Stealth        | |  2.4

Action                   |  1- 3 |  4- 6 |  7- 9 || total
-------------------------+-------+-------+-------++-------
Melee: Hand axe          |   150 |   164 |    18 ||   332
       Unarmed           |       |    11 |       ||    11
Throw: Javelin           |     2 |       |       ||     2
 Abil: Heal Wounds       |     1 |     3 |       ||     4
  Use: Scroll            |     1 |       |       ||     1
       Potion            |       |     5 |       ||     5
 Stab: Sleeping          |     3 |     1 |       ||     4
  Eat: Chunk             |       |     3 |       ||     3
Armor: Leather armour    |    40 |    38 |     1 ||    79
       Skin              |       |     1 |       ||     1
Dodge: Dodged            |   132 |   171 |    10 ||   313

Vault maps used:
D:1:      moated_graveyard_arrival, minmay_misc_feat_five,
          minmay_misc_feat_diagonals, minmay_misc_feat_four_crosses,
          minmay_misc_feat_cross
D:2:      first_ration, grunt_ministairs_9, grunt_decor_cap, fountainhead
D:3:      uniq_crazy_yiuf_cottage
D:4:      bloody_trog, vehumet_altar_wand_db, serial_shops,
          kennysheep_little_box, uniq_ijyb
D:5:      grunt_temple_overflow_opulence, led_sif_book,
          minmay_temple_entry_trees

Table legend:
 A = Turns spent in this place as a percentage of turns spent in the entire game.
 B = Non-inter-level travel turns spent in this place as a percentage of non-inter-level travel turns spent in the entire game.
 C = Inter-level travel turns spent in this place as a percentage of turns spent in this place.
 D = Turns resting spent in this place as a percentage of non-inter-level travel turns spent in this place.
 E = Turns spent auto-exploring this place as a percentage of non-inter-level travel turns spent in this place.
 F = Non-inter-level travel turns spent in this place divided by the number of levels of this place that you've seen.
                   A       B       C       D       E      F
               +-------+-------+-------+-------+-------+----------------------
         Total | 100.0 | 100.0 |   4.3 |   0.0 |   0.0 | 299.4
       Dungeon | 100.0 | 100.0 |   4.3 |   0.0 |   0.0 | 299.4
               +-------+-------+-------+-------+-------+----------------------

Table legend:
 A = Kills in this place as a percentage of kills in entire the game.
 B = Kills by you in this place as a percentage of kills by you in the entire game.
 C = Kills by friends in this place as a percentage of kills by friends in the entire game.
 D = Other kills in this place as a percentage of other kills in the entire game.
 E = Experience gained in this place as a percentage of experience gained in the entire game.
 F = Experience gained in this place divided by the number of levels of this place that you have seen.
                   A       B       C       D       E      F
               +-------+-------+-------+-------+-------+----------------------
         Total | 100.0 | 100.0 |   N/A |   N/A | 100.0 | 158.8
       Dungeon | 100.0 | 100.0 |   N/A |   N/A | 100.0 | 158.8
               +-------+-------+-------+-------+-------+----------------------
